 Dungeon Crawl Stone Soup version 0.30-b1-2-g02819fbbbe (webtiles) character file.

Game seed: 9806736804140777634

(classic levelgen) 121 EnegeticOcto the Trooper (level 4, -1/41 HPs)
             Began as a Minotaur Fighter on May 21, 2023.
             Slain by Robin
             ... wielding a +0 mace
              (3 damage)
             ... on level 3 of the Dungeon.
             The game lasted 00:00:50 (1402 turns).

EnegeticOcto the Trooper (Minotaur Fighter)         Turns: 1402, Time: 00:00:50

Health: -1/41      AC:  7    Str: 23    XL:     4   Next: 77%
Magic:  3/3        EV:  9    Int:  5    God:
Gold:   204        SH:  4    Dex:  9    Spells: 3/3 levels left

rFire   . . .        a - +0 war axe
rCold   . . .        c - +0 buckler
rNeg    . . .        b - +0 scale mail
rPois   .            (helmet restricted)
rElec   .            (no cloak)
rCorr   .            (no gloves)
SInv    .            (no boots)
Will    .....        (no amulet) Stlth
                     (no ring)
HPRegen 0.26/turn    (no ring)
MPRegen 0.08/turn

%: no passive effects
@: no status effects
A: horns 2, retaliatory headbutt
a: no special abilities


You were on level 3 of the Dungeon.
You visited 1 branch of the dungeon, and saw 3 of its levels.

You collected 204 gold pieces.

Inventory:

Hand Weapons
 a - a +0 war axe (weapon)
Armour
 b - a +0 scale mail (worn)
 c - a +0 buckler (worn)
Jewellery
 r - an amulet of magic regeneration
   (You found it on level 2 of the Dungeon)
 t - a +4 ring of slaying
   (You found it on level 2 of the Dungeon)
Scrolls
 f - 2 scrolls of teleportation {unknown}
 g - a scroll of immolation {unknown}
 h - a scroll of blinking {unknown}
 j - a scroll of amnesia {unknown}
 k - 2 scrolls of identify {unknown}
 l - a scroll of vulnerability {unknown}
 p - a scroll of fog {unknown}
Potions
 d - a potion of might {@q3}
 e - 4 potions of invisibility {unknown}
 i - a potion of haste {unknown}
 m - 3 potions of cancellation {unknown}
 n - a potion of attraction {unknown}
 o - a potion of brilliance {unknown}
 q - a potion of curing {unknown}
 s - a potion of lignification {unknown}
 u - a potion of heal wounds {unknown}


   Skills:
 + Level 4.4 Fighting
 * Level 4.2 Axes
 + Level 4.3 Armour
 + Level 4.4 Shields


You had 3 spell levels left.
You didn't know any spells.
Your spell library was empty.

Dungeon Overview and Level Annotations

Branches:
Dungeon (3/15)

Altars:
Sif Muna

Annotations:
D:3 Robin


Innate Abilities, Weirdness & Mutations

You have a pair of horns on your head.
You reflexively headbutt those who attack you in melee.


Message History

You closely miss the goblin. You barely miss the frilled lizard.
You miss the goblin.
The frilled lizard bites you but does no damage.
You block the goblin's attack. The goblin closely misses you.
You block the goblin's attack.
The frilled lizard bites you but does no damage.
You hit the goblin.
You kill the goblin!
You hear a splash.
You barely miss the goblin. You closely miss the goblin.
You closely miss the frilled lizard. The goblin hits you but does no damage.
The frilled lizard bites you but does no damage.
You barely miss the goblin. You closely miss the goblin.
You barely miss the frilled lizard. The goblin hits you but does no damage.
You block the frilled lizard's attack. The goblin hits you with a +0 dagger.
The goblin hits you but does no damage. The goblin hits you with a +0 club.
You hit the goblin.
The goblin is moderately wounded.
You closely miss the goblin. x2; You miss the frilled lizard.
The frilled lizard barely misses you. You furiously retaliate!
You headbutt the frilled lizard.
You kill the frilled lizard!
The goblin hits you but does no damage.
Robin says, "We wiped out the hill dwarves - you're next!"
The goblin hits you but does no damage. x2; You block the goblin's attack.
Your unstable footing causes you to fumble your attack.
You block the goblin's attack. The goblin completely misses you.
The hobgoblin barely misses you.
The goblin splashes around in the water.
The goblin hits you but does no damage. The goblin hits you with a +0 club.
Your unstable footing causes you to fumble your attack.
The goblin barely misses you. You furiously retaliate!
You headbutt the goblin. The goblin closely misses you.
The goblin hits you but does no damage.
You closely miss the goblin.
The goblin is heavily wounded.
You slash the goblin!
You kill the goblin!
You hit the goblin. You closely miss the hobgoblin.
You closely miss the goblin. You block the goblin's attack.
The hobgoblin hits you but does no damage.
The goblin hits you but does no damage.
The goblin splashes around in the water. x2
The goblin attacks as you move away! The goblin hits you with a +0 club.
The hobgoblin no longer looks unusually strong.
The goblin no longer looks unusually strong.
The hobgoblin hits you but does no damage.
The goblin hits you with a +0 dagger.
* * * LOW HITPOINT WARNING * * *
The hobgoblin no longer looks unusually strong.
The goblin no longer looks unusually strong.
The goblin unwields a +0 dagger.
The goblin wields a +0 sling.
The goblin shoots a sling bullet.
The sling bullet hits you.
* * * LOW HITPOINT WARNING * * *
The hobgoblin splashes around in the water.
The goblin hits you with a +0 club.
* * * LOW HITPOINT WARNING * * *
The goblin shoots a sling bullet.
The sling bullet hits you but does no damage.
You hit the hobgoblin.
The hobgoblin is lightly wounded.
You closely miss the goblin.
The hobgoblin hits you but does no damage.
You hit the goblin.
You kill the goblin!
You hit the goblin but do no damage. You closely miss the goblin.
You closely miss the hobgoblin. The goblin hits you with a +0 dagger.
* * * LOW HITPOINT WARNING * * *
The goblin splashes around in the water.
Robin roars a battlecry!
The goblins go into a battle-frenzy!
You barely miss the goblin.
The goblin is heavily wounded.
You barely miss the hobgoblin. You slash the goblin!
You kill the goblin!
You hear a splash.
The goblin splashes around in the water.
The hobgoblin hits you but does no damage.
Robin throws the goblin at you!
* * * LOW HITPOINT WARNING * * *
The hobgoblin hits you.
* * * LOW HITPOINT WARNING * * *
The goblin barely misses you. You furiously retaliate!
You headbutt the goblin!
You kill the goblin!
You hear a splash.
You barely miss the hobgoblin. You headbutt the hobgoblin.
The hobgoblin is moderately wounded.
You closely miss the hobgoblin. The hobgoblin closely misses you.
The hobgoblin hits you.
* * * LOW HITPOINT WARNING * * *
The hobgoblin barely misses you.
You hit Robin.
Robin is moderately wounded.
You closely miss the hobgoblin. You barely miss the hobgoblin.
The hobgoblin hits you but does no damage.
The hobgoblin barely misses you. Robin barely misses you.
You hit Robin. You headbutt Robin.
Robin is heavily wounded.
You hit the hobgoblin. x2; The hobgoblin barely misses you.
Robin hits you with a +0 mace.
You die...

..$...#####
#.$..~≈≈≈≈#
...~≈~≈≈≈≈
#.~~≈~≈≈≈≈
#.~≈~~≈≈≈≈
#.†≈≈~## #~~)~~~#
#gg)~~.# #)@g~..#
#)≈~≈~.#
####.~.~≈.##
#######....≈.≈~..#
#.......##~~~~~~.#
#.########.~~≈...#
#.# #.~~~~.... #.#
#~~~~~~### #.#
##~~~~~..


You could see Robin and 2 hobgoblins.

Vanquished Creatures
  A gnoll (D:2)
  5 adders (D:2)
  A worm (D:2)
  A dart slug (D:1)
  3 bats (D:2)
  5 endoplasms
  2 giant cockroaches (D:2)
  13 goblins
  4 hobgoblins
  4 jackals (D:2)
  5 quokkas
  A ball python (D:3)
  2 frilled lizards
  3 kobolds
  7 rats
57 creatures vanquished.

Notes
Turn   | Place    | Note
-------+----------+-------------------------------------------
     0 | D:1      | EnegeticOcto the Minotaur Fighter began the quest for the
                  | Orb.
     0 | D:1      | Reached XP level 1. HP: 19/19 MP: 0/0
   316 | D:1      | Reached XP level 2. HP: 20/27 MP: 1/1
   607 | D:2      | Reached XP level 3. HP: 17/33 MP: 2/2
   822 | D:2      | Reached XP level 4. HP: 39/40 MP: 3/3
  1039 | D:2      | Found a shimmering blue altar of Sif Muna.
  1382 | D:3      | Noticed Robin
  1400 | D:3      | HP: 1/41 [hobgoblin[Robin] (2)]
  1402 | D:3      | Slain by Robin

Illustrated notes

Levels and vault maps discovered:
D:1:      tarquinn_simple_flora_water_e, layout_loops_ring,
          dreamdust_wishing_well, minmay_indecisive_spiral
D:2:      layout_rooms, basic_altar, cheibrodos_gnoll_hut
D:3:      layout_basic, chequers_serial_rivers_large_a, uniq_robin,
          uniq_terence, uniq_sigmund

Skill      XL: |  1  2  3  4 |
---------------+-------------+-----
Axes           | 3 4 |  4.2
Fighting       | 4 |  4.4
Armour         | 4 |  4.3
Shields        | 4 |  4.4

Action                     |  1- 3 |  4- 6 || total
---------------------------+-------+-------++-------
  Melee: War axe           |    65 |    50 ||   115
         Headbutt          |    12 |     6 ||    18
 Armour: Scale mail        |    29 |    42 ||    71
  Dodge: Dodged            |    26 |    29 ||    55
  Block: Buckler           |    16 |    20 ||    36
